 Dungeon Crawl Stone Soup version 0.30.1-11-g7821555f0a (webtiles) character file.

Game seed: 14296222608255696014

78 jagang the Slasher (level 4, -2/37 HPs)
             Began as a Barachi Monk on Oct 27, 2023.
             Killed by divine providence
             ... invoked by an orc priest
              (14 damage)
             ... on level 3 of the Dungeon.
             The game lasted 00:04:22 (1737 turns).

jagang the Slasher (Barachi Monk)                   Turns: 1737, Time: 00:04:22

Health: -2/37      AC: 11    Str: 12    XL:     4   Next: 36%
Magic:  4/4        EV:  7    Int: 11    God:
Gold:   154        SH:  0    Dex: 16    Spells: 3/3 levels left

rFire   . . .        a - +0 falchion
rCold   . . .        d - orb {light}
rNeg    + . .        w - +0 chain mail
rPois   .            u - +1 helmet
rElec   .            y - +0 cloak
rCorr   .            (no gloves)
SInv    .            (no boots)
Will    .....        (no amulet)
Stlth   x              - ring of positive energy
HPRegen 0.26/turn    (no ring)
MPRegen 0.09/turn

%: no passive effects
@: glowing, slow
A: amphibious, slowness 1, strong legs 1, +LOS
a: Hop


You were on level 3 of the Dungeon.
You visited 1 branch of the dungeon, and saw 3 of its levels.

You collected 154 gold pieces.

Inventory:

Hand Weapons
 a - a +0 falchion (weapon)
Missiles
 o - 3 poisoned darts
 A - 4 curare-tipped darts (quivered)
Armour
 d - an orb of light (worn)
 u - a +1 helmet (worn)
 w - a +0 chain mail (worn)
 y - a +0 cloak (worn)
Jewellery
 m - an amulet of magic regeneration
 v - a ring of magical power
 x - a ring of positive energy (left hand)
Scrolls
 b - 3 scrolls of fog {unknown}
 e - 3 scrolls of identify {unknown}
 i - a scroll of noise {unknown}
 k - a scroll of blinking {unknown}
 l - a scroll of teleportation {unknown}
 n - a scroll of immolation {unknown}
 r - 2 scrolls of vulnerability {unknown}
 t - 2 scrolls of magic mapping {unknown}
Potions
 c - a potion of ambrosia
 f - a potion of degeneration {unknown}
 g - a potion of flight {unknown}
 h - 3 potions of curing {unknown}
 j - 3 potions of might {unknown}
 p - a potion of mutation {unknown}
 q - a potion of attraction {unknown}
 s - a potion of heal wounds {unknown}
 z - a potion of brilliance {unknown}


   Skills:
 + Level 4.2 Fighting
 + Level 4.7 Long Blades
 * Level 0.1 Throwing
 * Level 1.8 Armour
 + Level 3.7 Dodging


You had 3 spell levels left.
You didn't know any spells.
Your spell library contained the following spells:

 Spells                   Type           Power      Damage    Failure   Level
 Necrotise                Necr           0%         1d4       100%        1
 Sandblast                Erth           0%         2d4       100%        1
 Passwall                 Tmut/Erth      0%         N/A       100%        2
 Stone Arrow              Conj/Erth      0%         3d7       100%        3
 Vampiric Draining        Necr           0%         2d6       100%        3
 Agony                    Necr           0%         N/A       100%        5


Dungeon Overview and Level Annotations

Branches:
Dungeon (3/15)

Altars:

Shops:
D:1 *


Innate Abilities, Weirdness & Mutations

You are amphibious.
You cover ground slowly.
You can hop short distances.
You have an extended range of vision and can be seen from far away.


Message History

Press: ? - help, Q - select action, (/) - cycle Shift-Dir - straight line, f - orc
Aim: an orc, wielding a +0 club (haloed, 79% to hit)
You throw a curare-tipped dart. The curare-tipped dart hits the orc.
The orc is poisoned.
The orc convulses.
The orc seems to slow down.
The orc is heavily wounded.
You barely miss the orc.
The orc is severely wounded.
The orc priest calls upon Beogh to heal the orc.
The orc is healed somewhat.
You barely miss the orc.
The orc is lightly wounded.
The orc priest invokes the aid of Beogh against you.
Beogh smites you!
The orc hits you from afar with a +0 trident.
The orc completely misses you.
Throw: 5 darts (curare)
Press: ? - help, Q - select action, (/) - cycle Shift-Dir - straight line, f/p - orc
Aim: an orc, wielding a +0 club (lightly wounded, very poisoned, slow, haloed, 79% to hit)
Okay, then.
You hit the orc.
The orc is almost dead.
You kill the orc!
The orc barely misses you.
Throw: 5 darts (curare)
Press: ? - help, Q - select action, (/) - cycle Shift-Dir - straight line, f - orc
Aim: an orc, wielding a +0 trident (haloed, 79% to hit)
You throw a curare-tipped dart. The curare-tipped dart hits the orc.
The orc is poisoned.
The orc convulses.
You kill the orc!
The orc barely misses you.
The orc priest calls down the wrath of Beogh upon you.
Beogh smites you! The orc hits you but does no damage.
You see here a +0 club.
You hit the orc.
You kill the orc!
The orc priest mumbles some strange prayers to Beogh against you.
Beogh smites you!
You die...

....K......## #
#######....# .. #.......#
... #.......# # ....
#....#### # ..... #....#
# ...... #....# #
.......####....##########
......o)@..#### #........
......o###...# #........
...... ###.####........
##### ##.............
#..............
#...†....######
#......#.# #......#.#
#......#..


You could see an orc priest and an orc.

Vanquished Creatures
  2 adders (D:2)
  A worm (D:2)
  A dart slug (D:1)
  3 orcs (D:3)
  3 ball pythons
  5 bats
  6 endoplasms
  4 giant cockroaches
  2 goblins
  4 hobgoblins
  4 jackals (D:3)
  A quokka (D:2)
  A frilled lizard (D:1)
  5 kobolds
  5 rats
47 creatures vanquished.

Notes
Turn   | Place    | Note
-------+----------+-------------------------------------------
     0 | D:1      | jagang the Barachi Monk began the quest for the Orb.
     0 | D:1      | Reached XP level 1. HP: 18/18 MP: 1/1
    45 | D:1      | Found a faded altar of an unknown god.
   125 | D:1      | Reached XP level 2. HP: 25/25 MP: 2/2
   146 | D:1      | Found Alejobisio's General Store.
   915 | D:2      | Reached skill level 1 in Armour
   915 | D:2      | Reached XP level 3. HP: 30/30 MP: 3/3
  1555 | D:3      | Reached XP level 4. HP: 37/37 MP: 4/4
  1737 | D:3      | Killed from afar by an orc priest

Illustrated notes

Levels and vault maps discovered:
D:1:      eino_arrival_druids_welcome, layout_basic, serial_shops, shop,
          chequers_ecumenical_altar_grove
D:2:      layout_basic
D:3:      layout_basic, nicolae_wu_jian_immortal_techniques

Skill      XL: |  1  2 |
---------------+-------+-----
Long Blades    | 4 |  4.7
Fighting       | 4 |  4.2
Armour         | 1 |  1.8
Throwing       | |  0.1
Dodging        | |  3.7

Action                     |  1- 3 |  4- 6 || total
---------------------------+-------+-------++-------
  Melee: Falchion          |    77 |    37 ||   114
  Throw: Dart              |       |     2 ||     2
Ability: Hop               |       |     1 ||     1
 Armour: Robe              |    15 |       ||    15
         Chain mail        |    14 |    26 ||    40
  Dodge: Dodged            |    41 |    21 ||    62
